 Dungeon Crawl Stone Soup version 0.31-a0-1074-g0b22e4e0f1 (webtiles) character file.

Game seed: 8651767314444064139

70 cowhearter the Cutter (level 4, -1/29 HPs)
             Began as a Kobold Monk on Dec 3, 2023.
             Frozen to death by an endoplasm (3 damage)
             ... on level 2 of the Dungeon.
             The game lasted 00:03:13 (1327 turns).

cowhearter the Cutter (Kobold Monk)                 Turns: 1327, Time: 00:03:13

Health: -1/29      AC:  2    Str:  8    XL:     4   Next: 44%
Magic:  4/4        EV: 16    Int: 11    God:
Gold:   101        SH:  0    Dex: 19    Spells: 3/3 levels left

rFire   . . .        a - +0 short sword
rCold   . . .        d - orb {light}
rNeg    . . .        b - +0 robe
rPois   .            (no helmet)
rElec   .            (no cloak)
rCorr   .            (no gloves)
SInv    .            (no boots)
Will    .....        (no amulet)
Stlth   +            (no ring)
HPRegen 0.24/turn    (no ring)
MPRegen 0.09/turn

%: no passive effects
@: glowing
A: small, no large weapons, nightstalker 3
a: no special abilities


You were on level 2 of the Dungeon.
You visited 1 branch of the dungeon, and saw 2 of its levels.

You collected 101 gold pieces.

Inventory:

Hand Weapons
 a - a +0 short sword (weapon)
 f - a +0 sling
Missiles
 e - 14 stones
Armour
 b - a +0 robe (worn)
 d - an orb of light (worn)
Talismans
 m - a flux talisman
Scrolls
 g - 2 scrolls of identify {unknown}
 k - a scroll of vulnerability {unknown}
 o - a scroll of teleportation {unknown}
Potions
 c - 2 potions of ambrosia
 h - a potion of curing {unknown}
 i - a potion of haste {unknown}
 j - a potion of lignification {unknown}
 l - a potion of brilliance {unknown}
 n - a potion of enlightenment {unknown}


   Skills:
 + Level 3.6 Fighting
 * Level 5.7 Short Blades
 + Level 4.1 Dodging
 + Level 0.8 Stealth


You had 3 spell levels left.
You didn't know any spells.
Your spell library was empty.

Dungeon Overview and Level Annotations

Branches:
Dungeon (2/15)

Altars:
Fedhas


Innate Abilities, Weirdness & Mutations

You are small and have problems with some larger weapons.
You are completely attuned to the shadows.


Message History

The kobold is severely wounded.
You hit the kobold.
You kill the kobold!
An endoplasm comes into view.
Things that are here:
a +0 dagger; 3 stones
Found a stone staircase leading down.
Things that are here:
a +0 dagger; 3 stones The endoplasm quivers.
You hit the gnoll.
The gnoll is lightly wounded.
The gnoll barely misses you.
You hit the gnoll but do no damage.
The gnoll is lightly wounded.
The gnoll hits you with a +0 spear!
You hit the gnoll.
The gnoll is moderately wounded.
The gnoll misses you.
You hit the gnoll but do no damage.
The gnoll is moderately wounded.
You hit the gnoll.
The gnoll is heavily wounded.
The gnoll hits you with a +0 spear. The endoplasm closely misses you.
You hit the gnoll but do no damage.
The gnoll is heavily wounded.
The gnoll hits you with a +0 spear. The endoplasm freezes you.
You are frozen.
* * * LOW HITPOINT WARNING * * *
You barely miss the gnoll.
The gnoll is heavily wounded.
The gnoll hits you with a +0 spear.
* * * LOW HITPOINT WARNING * * *
You hit the gnoll.
The gnoll is severely wounded.
A bat comes into view.
The endoplasm freezes you.
You are frozen.
You die...

##..)..#.###.
#...#.##.##..
##..##.##.##)#
#...#..##....#
####.....###..###
#####)....##......#
.....)...## .###.##
. .####g##### #.# .
....J@### #.....
#........
####.......
>.....###.
.......#...
........
.......#...
..b......
.....#.#...
.........
...........
...........
...........
...........


You could see a gnoll, an endoplasm and a bat (wandering).

Vanquished Creatures
  2 gnolls (D:2)
  A dart slug (D:1)
  4 ball pythons
  6 endoplasms
  A giant cockroach (D:1)
  5 goblins
  6 hobgoblins (D:1)
  5 jackals
  4 kobolds
  A quokka (D:1)
  2 bats
  3 frilled lizards
  2 rats
42 creatures vanquished.

Notes
Turn   | Place    | Note
-------+----------+-------------------------------------------
     0 | D:1      | cowhearter the Kobold Monk began the quest for the Orb.
     0 | D:1      | Reached XP level 1. HP: 14/14 MP: 1/1
    40 | D:1      | Reached XP level 2. HP: 3/19 MP: 2/2
   205 | D:1      | Found a blossoming altar of Fedhas.
   400 | D:1      | Reached XP level 3. HP: 23/23 MP: 3/3
   565 | D:1      | Reached skill level 5 in Short Blades
  1236 | D:2      | Reached XP level 4. HP: 23/28 MP: 4/4
  1327 | D:2      | Frozen to death by an endoplasm

Illustrated notes

Levels and vault maps discovered:
D:1:      grunt_arrival_lava_bath, layout_basic, chequers_jeans,
          minmay_hexomino_r4
D:2:      layout_rooms, serial_park_tiny_pond

Skill      XL: |  1  2  3 |
---------------+----------+-----
Short Blades   | 5 |  5.7
Dodging        | 4 |  4.1
Fighting       | |  3.6
Stealth        | |  0.8

Action                     |  1- 3 |  4- 6 || total
---------------------------+-------+-------++-------
  Melee: Short sword       |   120 |    23 ||   143
   Stab: Sleeping          |     2 |       ||     2
 Armour: Robe              |    45 |     8 ||    53
  Dodge: Dodged            |    80 |    13 ||    93

Table legend: (Time is in decaauts)
 A = Elapsed time spent in this place.
 B = Non-inter-level travel time spent in this place.
 C = Inter-level travel time spent in this place.
 D = Time resting spent in this place.
 E = Time spent auto-exploring this place.
 F = Levels seen in this place.
 G = Mean time per level.
                   A        B        C        D        E       F      G
               +--------+--------+--------+--------+--------+-----+--------+
         Total |   1292 |   1292 |      0 |    261 |    718 |   2 |  646.0 |
       Dungeon |   1292 |   1292 |      0 |    261 |    718 |   2 |  646.0 |
               +--------+--------+--------+--------+--------+-----+--------+

Top non-repeatable levels by time:
     D:1: 1065 daAuts
     D:2: 227 daAuts
